Map: 回聲 - 天梯版(虛空之遺)

Players

MarineLorD - Winner!

  • Race: Terran Terran
  • Spawn Location: 11:00

Rex

  • Race: Zerg Zerg
  • Spawn Location: 5:00

Event: WESG 2016 Finals

VOD

Have the link to the VOD?

Description

Time

  • Played on: Jan. 11, 2017, 11:57 p.m.
  • Length: 11:44

All games in this series

Show
View Real Time Build Order
Export as new Build Order

MarineLorD Terran - Winner!

Build Orders: Reaper Expand, MMM Bio 

Get SALT Encoding   

  12  0:00  SCV  
  13  0:12  SCV  
  14  0:17  Supply Depot  
  14  0:24  SCV  
  15  0:38  SCV  
  15  0:39  Barracks  
  16  0:44  Refinery  
  16  0:50  SCV  
  17  1:02  SCV  
  18  1:15  SCV  
  19  1:27  Orbital Command, Reaper  
  20  1:38  Command Center  
  20  1:48  Barracks  
  20  1:53  SCV  
  21  1:59  Barracks Reactor  
  21  2:05  SCV, Supply Depot  
  22  2:10  Refinery  
  22  2:17  SCV  
  23  2:29  SCV  
  24  2:30  Factory  
  24  2:36  Marine x2  
  26  2:38  Barracks Tech Lab  
  26  2:41  SCV  
  27  2:51  Orbital Command  
  27  2:53  SCV  
  27  2:54  Marine x2  
  27  2:57  Marine  
  31  3:00  Stimpack  
  32  3:05  SCV  
  32  3:12  Marine x2  
  34  3:16  Marine  
  34  3:17  SCV  
  36  3:23  SCV  
  36  3:24  Starport  
  36  3:25  Factory Reactor  
  37  3:31  SCV  
  37  3:32  Marine x2  
  37  3:34  Marine  
  40  3:39  Supply Depot  
  40  3:40  SCV  
  42  3:43  SCV  
  43  3:49  Supply Depot  
  43  3:50  Marine x2  
  43  3:52  Marine  
  46  4:00  SCV x2  
  46  4:02  Supply Depot  
  48  4:10  Marine x2  
  48  4:11  Medivac  
  48  4:12  SCV x2, Medivac  
  48  4:14  Marine  
  57  4:25  SCV x2  
  57  4:26  Engineering Bay  
  57  4:28  Marine x2, Engineering Bay  
  61  4:37  SCV x2  
  63  4:42  Supply Depot  
  63  4:49  Marine x3  
  63  4:50  SCV x2  
  68  4:54  Terran Infantry Armor Level 1  
  68  4:55  Terran Infantry Weapons Level 1  
  68  5:02  Combat Shields  
  68  5:06  Marine x2  
  69  5:12  Marine  
  69  5:13  Refinery, Command Center  
  70  5:14  Refinery  
  70  5:19  SCV  
  70  5:20  SCV  
  72  5:24  Marine x2  
  74  5:30  Marine  
  75  5:35  SCV  
  75  5:36  SCV  
  75  5:38  Factory Reactor  
  75  5:42  Barracks, Marine  
  78  5:46  Marine, Medivac x2  
  78  5:47  Supply Depot x2  
  78  5:48  SCV  
  78  5:49  SCV  
  85  5:52  Marine  
  86  6:01  Armory  
  86  6:08  SCV x2  
  88  6:16  Barracks x2  
  88  6:20  Marine x2  
  88  6:21  Marine, SCV  
  88  6:22  Factory Reactor  
  92  6:28  Orbital Command  
  92  6:30  SCV  
  93  6:33  SCV  
  95  6:45  Marine x2, SCV  
  95  6:55  Marine x2  
  95  6:56  Marine  
  95  6:57  SCV, Widow Mine x2  
  103  7:03  Marine x2  
  103  7:06  Terran Infantry Weapons Level 2, Terran Infantry Armor Level 2  
  103  7:07  Orbital Command  
  105  7:09  SCV x2  
  105  7:13  Barracks Reactor x2, Marine  
  108  7:20  Marine  
  108  7:21  SCV  
  110  7:24  Marine x2  
  113  7:31  Marine, Medivac  
  116  7:38  Supply Depot  
  116  7:43  Marine, SCV  
  117  7:48  Supply Depot x2  
  117  7:49  Supply Depot  
  117  7:52  Supply Depot  
  117  7:54  Marine  
  117  7:55  SCV, Medivac, Widow Mine  
  117  7:58  Marine  
  116  7:59  Marine, Widow Mine  
  116  8:01  Marine x2  
  116  8:02  Marine x2  
  121  8:06  Marine x2  
  123  8:13  Marine, Supply Depot  
  123  8:14  Supply Depot  
  123  8:15  SCV x2  
  123  8:16  Marine  
  123  8:17  SCV  
  128  8:20  Marine x2  
  128  8:24  Marine x5, Widow Mine  
  137  8:27  Medivac, Widow Mine  
  137  8:31  Marine, Medivac  
  137  8:34  Marine  
  144  8:35  SCV x2  
  144  8:38  Marine, Missile Turret  
  144  8:39  Marine, Missile Turret  
  149  8:42  Marine x2  
  149  8:43  Marine  
  149  8:45  Marine  
  150  8:49  Marine x2  
  150  8:51  Marine  
  150  8:52  Widow Mine  
  155  8:56  Marine, Widow Mine  
  155  8:57  Marine  
  155  9:00  Marine x3  
  162  9:03  Marine  
  162  9:08  Barracks x3  
  162  9:12  Marine  
  162  9:14  Marine x4  
  167  9:18  Marine x2, Supply Depot  
  167  9:19  Supply Depot  
  167  9:22  Supply Depot  
  169  9:28  Marine  
  130  9:35  Marine x7  
  130  9:37  Marine  
  137  9:46  Marine  
  137  9:50  Command Center  
  137  9:52  Marine x2  
  138  9:53  Marine x4, Marauder  
  138  9:55  Marine  
  138  9:57  Barracks Tech Lab x3  
  138  9:59  Widow Mine  
  147  10:00  Widow Mine  
  147  10:02  Medivac  
  147  10:04  Medivac  
  155  10:11  Marine  
  155  10:12  Marine x2  
  158  10:20  Marine x4, Marauder x2  
  166  10:23  Marauder  
  166  10:24  Marine x2  
  170  10:29  Marine  
  170  10:32  Widow Mine  
  173  10:35  Widow Mine  
  173  10:36  Medivac  
  173  10:37  Medivac  
  173  10:41  Marauder x2, Marine x2  
  185  10:50  Marauder  
  185  10:51  Marauder  
  189  11:03  Marauder x2  
  193  11:10  Marine  
  193  11:11  Marine  
  187  11:12  Marauder x2  
  187  11:15  Marine x2  
  194  11:22  Marine x2  
  194  11:23  Marine x2  
Show
View Real Time Build Order
Export as new Build Order

Rex Zerg 

Build Orders: Hatch First 

Get SALT Encoding   

  12  0:00  Drone  
  13  0:08  Drone  
  14  0:17  Overlord  
  14  0:23  Drone, Extractor  
  15  0:36  Drone x2  
  17  0:51  Hatchery  
  17  0:54  Drone  
  17  0:57  Drone  
  17  1:03  Extractor  
  17  1:12  Spawning Pool  
  17  1:15  Drone  
  17  1:18  Drone  
  18  1:27  Drone  
  19  1:38  Overlord  
  19  1:59  Queen  
  19  2:00  Zergling x4  
  23  2:03  Metabolic Boost, Queen  
  23  2:06  Drone  
  26  2:09  Drone  
  26  2:14  Drone  
  28  2:31  Hatchery  
  26  2:41  Drone x2  
  26  2:43  Queen  
  30  2:47  Drone  
  31  2:51  Drone  
  31  2:53  Drone  
  31  2:57  Overlord  
  33  3:00  Drone  
  33  3:02  Drone  
  35  3:14  Zergling x2  
  35  3:16  Drone  
  35  3:19  Drone  
  38  3:20  Overlord  
  38  3:22  Drone  
  38  3:24  Overlord  
  39  3:31  Overlord  
  39  3:38  Queen x2  
  43  3:42  Drone x2  
  43  3:43  Drone x3  
  43  3:47  Drone x2  
  50  3:49  Drone  
  50  3:52  Drone  
  50  3:53  Drone  
  50  3:54  Drone  
  54  4:02  Drone x2  
  56  4:03  Drone x2  
  56  4:05  Overlord  
  56  4:07  Extractor  
  56  4:09  Queen  
  59  4:14  Queen  
  61  4:19  Queen  
  63  4:25  Zergling x8  
  67  4:35  Evolution Chamber x2, Zergling x2  
  67  4:36  Zergling x6  
  69  4:39  Zergling x6  
  69  4:41  Zergling x2  
  73  4:49  Drone  
  73  5:01  Zerg Ground Armor Level 1, Zerg Melee Weapons Level 1  
  73  5:03  Baneling Nest  
  73  5:07  Drone  
  73  5:08  Overlord  
  73  5:10  Overlord x2  
  73  5:14  Lair  
  73  5:15  Overlord  
  73  5:24  Overlord  
  73  5:26  Queen  
  73  5:27  Zergling x4  
  73  5:28  Zergling x6  
  80  5:33  Drone x2  
  80  5:34  Drone  
  80  5:35  Drone x4  
  87  5:37  Drone  
  87  5:39  Drone  
  89  5:43  Spore Crawler  
  89  5:46  Drone x2  
  89  5:47  Drone, Spore Crawler  
  89  5:48  Drone  
  89  5:49  Baneling x2  
  91  5:50  Baneling x2  
  91  5:53  Drone x2  
  91  5:56  Drone, Overlord  
  94  6:01  Overlord  
  94  6:03  Drone  
  95  6:05  Drone, Extractor  
  95  6:06  Extractor  
  95  6:10  Zergling x2  
  95  6:11  Zergling x10  
  99  6:19  Drone  
  99  6:20  Drone  
  99  6:21  Centrifical Hooks  
  99  6:23  Drone x2  
  103  6:28  Hatchery, Overlord  
  103  6:29  Baneling  
  103  6:30  Drone, Baneling  
  103  6:40  Zergling x2  
  103  6:41  Zergling x8  
  101  6:47  Baneling x6  
  101  6:48  Baneling x2  
  101  6:52  Zergling x8  
  102  6:55  Zergling x2  
  102  6:56  Zergling x12  
  102  6:57  Baneling x7  
  109  7:11  Overlord  
  109  7:14  Hatchery  
  106  7:20  Zergling x2  
  106  7:21  Zergling x22  
  100  7:24  Overseer  
  100  7:29  Queen  
  102  7:31  Queen  
  102  7:32  Zergling x2  
  102  7:33  Zergling x8  
  109  7:45  Zergling x8  
  109  7:50  Zerg Ground Armor Level 2, Zerg Melee Weapons Level 2  
  113  7:54  Hatchery  
  105  8:03  Zergling x2  
  105  8:04  Zergling x22  
  114  8:13  Baneling  
  114  8:14  Baneling x4  
  114  8:21  Zergling x6  
  114  8:22  Zergling x6  
  114  8:23  Overlord  
  120  8:28  Baneling x6  
  120  8:41  Zergling x22  
  121  8:42  Zergling x6  
  121  8:43  Zergling x2  
  121  8:47  Drone  
  121  8:48  Drone x3  
  134  8:51  Infestation Pit  
  134  8:52  Overlord  
  135  8:57  Baneling x7  
  135  8:58  Drone x3  
  135  9:00  Drone x3  
  135  9:01  Extractor  
  140  9:05  Pneumatized Carapace  
  140  9:09  Zergling x14  
  140  9:19  Drone x6  
  140  9:20  Drone x2  
  140  9:21  Zergling x2  
  140  9:22  Zergling x2  
  100  9:38  Zergling x16  
  105  9:39  Baneling  
  105  9:40  Baneling x13  
  105  9:43  Zergling x10  
  110  9:48  Zergling x2  
  110  9:53  Baneling  
  110  10:01  Hatchery  
  110  10:03  Hive  
  110  10:05  Zergling x14  
  116  10:13  Baneling  
  116  10:14  Baneling x11  
  114  10:15  Zergling x6  
  114  10:16  Baneling  
  114  10:17  Baneling  
  117  10:29  Zergling x6  
  117  10:30  Zergling x12  
  117  10:35  Overseer  
  126  10:40  Zergling x2  
  126  10:41  Zergling x10  
  132  10:46  Overseer  
  132  10:47  Overseer  
  132  10:57  Zergling x18  
  132  10:58  Zergling x8  
  132  10:59  Baneling x5  
  132  11:00  Baneling x4  
  138  11:12  Zergling x12  
  138  11:14  Baneling  
  138  11:15  Baneling x5  
  141  11:25  Zergling x24  
  124  11:30  Ultralisk Cavern  
Tags
 
Add a new tag
Caveats
  • Supply blocks, unpowered buildings, or Contaminate may cause inaccurate times.
  • Supply counts are checked every 10 seconds.